 Dungeon Crawl Stone Soup version 0.18-a0-1561-g7b1e397 (webtiles) character file.

2147 Lusmu the Conjurer (level 9, 0/57 HPs)
             Began as a Merfolk Ice Elementalist on Mar 13, 2016.
             Was a Follower of Vehumet.
             Slain by a killer bee (9 damage)
             ... on level 7 of the Dungeon.
             The game lasted 00:57:53 (10185 turns).

Lusmu the Conjurer (Merfolk Ice Elementalist)      Turns: 10185, Time: 00:57:53

Health: 0/57       AC: 10    Str:  9    XL:     9   Next: 31%
Magic:  3/12       EV: 14    Int: 17    God:    Vehumet [*.....]
Gold:   296        SH:  0    Dex: 14    Spells: 3 memorised, 6 levels left

rFire  . . .     SeeInvis .     k - +0 dagger (venom)
rCold  + . .     Gourm    .     g - +1 robe {rC+}
rNeg   . . .     Faith    .     (no shield)
rPois  .         Spirit   .     (no helmet)
rElec  .         Dismiss  .     j - +0 cloak
rCorr  .         Reflect  .     (no gloves)
SustAt .         Harm     .     (no boots)
MR     .....                    (no amulet)
Stlth  ++........               y - ring of loudness (curse)
                                C - ring of stealth

@: icy armour, slow, not resistant to hostile enchantments, unstealthy
A: change form in water, swift swim
a: Renounce Religion


You were on level 7 of the Dungeon.
You worshipped Vehumet.
Vehumet was aware of your devotion.
You were not hungry.

You visited 2 branches of the dungeon, and saw 8 of its levels.
You also visited: Sewer.

You collected 296 gold pieces.

Inventory:

Hand Weapons
 f - a +0 blowgun
 i - a +0 spear
 k - a +0 dagger of venom (weapon)
Missiles
 h - 81 poisoned needles
Armour
 g - a +1 robe of cold resistance (worn)
 j - a +0 cloak (worn)
Jewellery
 y - a cursed ring of loudness (right hand)
 C - a ring of stealth (left hand)
Wands
 m - a wand of iceblast (5/15)
 w - a wand of lightning (0/15)
Scrolls
 d - a scroll of enchant armour {unknown}
 l - 2 scrolls of magic mapping
 p - a scroll of enchant weapon
 r - 2 scrolls of teleportation
 B - a scroll of fear {unknown}
Potions
 e - 3 potions of curing
 n - a potion of invisibility {unknown}
 o - a potion of degeneration {unknown}
 q - a potion of magic {unknown}
 s - a potion of resistance
 u - a potion of agility {unknown}
 v - a potion of might
 x - a potion of flight {unknown}
 z - 6 potions of brilliance
 E - a potion of ambrosia {unknown}
Books
 a - a book of Air

   Spells                             Type                      Level
   a - Shock                          Conjuration/Air              1
   b - Swiftness                      Charms/Air                   2
   c - Repel Missiles                 Charms/Air                   2
   d - Static Discharge               Conjuration/Air              3
   e - Lightning Bolt                 Conjuration/Air              5
 b - a book of Frost

   Spells                             Type                      Level
   a - Freeze                         Ice                          1
   b - Throw Frost                    Conjuration/Ice              2
   c - Ozocubu's Armour               Charms/Ice                   3
   d - Throw Icicle                   Conjuration/Ice              4
   e - Summon Ice Beast               Ice/Summoning                4
Comestibles
 c - 6 bread rations
 t - a chunk of flesh
 D - 2 fruits


   Skills:
 + Level 5.5 Polearms
 - Level 5.1 Dodging
 - Level 2.1 Stealth
 - Level 2.0 Spellcasting
 * Level 7.0 Conjurations
 - Level 5.0 Charms
 + Level 6.2 Ice Magic


You had 6 spell levels left.
You knew the following spells:

 Your Spells              Type           Power        Failure   Level  Hunger
a - Freeze                Ice            ###.         1%          1    #......
b - Throw Frost           Conj/Ice       ###...       1%          2    ###....
c - Ozocubu's Armour      Chrm/Ice       ###.....     8%          3    ###....


Dungeon Overview and Level Annotations

Branches:
Dungeon (7/15)             Temple (1/1) D:5

Altars:
Ashenzari
Cheibriados
Dithmenos
Elyvilon
Fedhas
Gozag
Kikubaaqudgha
Makhleb
Okawaru
Pakellas
Qazlal
Ru
Sif Muna
Trog
Vehumet
Xom
Zin
The Shining One


Message History

You freeze the giant frog.
The giant frog seems to slow down.
The giant frog is almost dead.
The killer bee completely misses you. The giant frog hits you.
* * * LOW HITPOINT WARNING * * *
The killer bee barely misses you.
Casting: Freeze
Confirm with . or Enter, or press ? or * to list all spells.
Aiming: Freeze
Press: ? - help, Shift-Dir - straight line, f/p - giant frog
Aim: a giant frog (almost dead, slow)
You freeze the giant frog.
You kill the giant frog!
Vehumet accepts your kill.
Your Conjurations skill increases to level 7!
The killer bee stings you but does no damage.
The phantom blinks!
The killer bee closely misses you.
You miss the killer bee.
The killer bee is heavily wounded.
The killer bee stings you!
You die...

###.######## #.#####<#
#......†# ## #######†##
#.. ##..)## #...
##y....## # #....
##.......# ##
#....####§........####.
#..W.†@yyy........'....
#....####y........###..
#..#. ##.......## #.# #
# ##.....## #.# ##...##
#.# #'## #.# #.# #.# #
#.. ###


You could see a phantom and 4 killer bees.

Vanquished Creatures
  An orc warrior (D:6)
  2 sky beasts (D:6)
  A phantom (D:6)
  2 centaurs
  An ogre (D:5)
  4 big kobolds
  2 giant frogs
  2 scorpions (D:5)
  A wyvern skeleton (D:6)
  2 killer bees (D:7)
  4 wights (D:7)
  A howler monkey (D:4)
  3 crimson imps
  A jelly (D:7)
  A centaur skeleton (D:4)
  3 orc priests
  2 hounds
  Jessica (D:3)
  An iguana (D:4)
  An orc wizard (D:3)
  3 worker ants
  A hound skeleton (D:4)
  A worker ant zombie (D:6)
  7 adders
  2 oozes (Sewer)
  An adder skeleton (D:4)
  A worm (D:2)
  A dart slug (D:2)
  5 giant geckos
  11 orcs
  5 bats
  11 giant cockroaches
  13 goblins
  11 hobgoblins
  3 jackals (D:4)
  24 kobolds
  4 quokkas
  2 ball pythons
  A giant gecko skeleton (D:4)
  9 giant newts
  12 rats
164 creatures vanquished.

Notes
Turn   | Place    | Note
--------------------------------------------------------------
     0 | D:1      | Lusmu the Merfolk Ice Elementalist began the quest for the Orb.
     0 | D:1      | Reached XP level 1. HP: 13/13 MP: 3/3
   271 | D:1      | Reached XP level 2. HP: 19/19 MP: 0/5
   585 | D:1      | Reached XP level 3. HP: 20/24 MP: 4/6
  1448 | D:2      | Found a burning altar of Makhleb.
  1457 | D:2      | Reached XP level 4. HP: 26/30 MP: 3/7
  1739 | D:2      | Reached skill level 5 in Ice Magic
  2076 | D:2      | Learned a level 2 spell: Throw Frost
  2080 | D:2      | Learned a level 3 spell: Ozocubu's Armour
  2251 | D:2      | Reached XP level 5. HP: 31/35 MP: 4/8
  2796 | D:3      | Noticed Jessica
  2821 | D:3      | Killed Jessica
  3246 | D:3      | Found a sacrificial altar of Ru.
  3258 | D:3      | Reached skill level 5 in Dodging
  3264 | D:3      | Reached XP level 6. HP: 33/41 MP: 9/9
  3420 | D:3      | Reached skill level 1 in Conjurations
  3530 | D:3      | Found a snail-covered altar of Cheibriados.
  4143 | D:4      | Reached skill level 1 in Charms
  4558 | D:4      | Found a glowing drain.
  4576 | Sewer    | Entered a sewer
  4896 | Sewer    | Reached skill level 2 in Conjurations
  5040 | Sewer    | Reached XP level 7. HP: 46/46 MP: 7/10
  5102 | Sewer    | Reached skill level 3 in Conjurations
  5865 | D:5      | Entered Level 5 of the Dungeon
  5990 | D:5      | Found an opulent altar of Gozag.
  6026 | D:5      | Reached skill level 4 in Conjurations
  6469 | D:5      | Reached XP level 8. HP: 52/52 MP: 11/11
  6622 | D:5      | Found a staircase to the Ecumenical Temple.
  6628 | Temple   | Entered the Ecumenical Temple
  6833 | Temple   | Became a worshipper of Vehumet
  7626 | D:6      | Reached skill level 5 in Conjurations
  7878 | D:6      | Reached skill level 1 in Polearms
  8003 | D:6      | HP: 1/52 [orc warrior/war axe (11)]
  8429 | D:6      | Reached skill level 5 in Charms
  8636 | D:6      | Reached skill level 6 in Conjurations
  9432 | D:7      | Reached XP level 9. HP: 47/57 MP: 8/12
  9556 | D:7      | Reached * piety under Vehumet
  9556 | D:7      | Offered knowledge of Sting by Vehumet.
  9819 | D:7      | Reached skill level 5 in Polearms
 10184 | D:7      | Reached skill level 7 in Conjurations
 10185 | D:7      | Slain by a killer bee

Vault maps used:
D:1:      elethiomel_arrival_maze, hangedman_glass_garden
D:2:      makhleb_blood_cavern_becter
D:3:      cheibriados_altar_1, nicolae_ru_great_annihilating_truth, uniq_jessica
D:4:      first_bread, portal_sewer_entry_d
D:5:      grunt_gozag_statues, minmay_temple_entry_fiery,
          kennysheep_small_spiral
D:6:      nicolae_underground_beach
Temple:   water_room_temple_a_12
Sewer:    kennysheep_pipe_town

Skill      XL: |  1  2  3  4  5  6  7  8  9 |
---------------+----------------------------+-----
Ice Magic      | 4 5 6 |  6.2
Dodging        | 3 4 5 |  5.1
Conjurations   | 2 4 6 7 |  7.0
Charms         | 2 3 5 |  5.0
Polearms       | 4 5 |  5.5
Stealth        | |  2.1
Spellcasting   | |  2.0

Action                   |  1- 3 |  4- 6 |  7- 9 || total
-------------------------+-------+-------+-------++-------
Melee: Dagger            |    63 |   199 |    92 ||   354
       Unarmed           |     5 |       |       ||     5
       Spear             |       |       |   223 ||   223
 Fire: Blowgun           |       |       |     3 ||     3
 Cast: Freeze            |    29 |    50 |    36 ||   115
       Throw Frost       |       |     4 |    24 ||    28
       Ozocubu's Armour  |       |     2 |    12 ||    14
Evoke: Wand              |       |       |    20 ||    20
  Use: Scroll            |     2 |     6 |     7 ||    15
       Potion            |       |     1 |    11 ||    12
 Stab: Sleeping          |     3 |    11 |     5 ||    19
       Paralysed         |       |     1 |       ||     1
       Distracted        |       |       |     1 ||     1
  Eat: Chunk             |     2 |    10 |     6 ||    18
       Bread ration      |       |     1 |     1 ||     2
       Fruit             |       |       |     4 ||     4
       Meat ration       |       |       |     1 ||     1
       Royal jelly       |       |       |     1 ||     1
